 Dungeon Crawl Stone Soup version 0.26.0-10-g1f06aea511 (webtiles) character file.

Game seed: 15264779058434080726

267 Arum the Ducker (level 6, -4/48 HPs)
             Began as a Demonspawn Gladiator on Jan 21, 2021.
             Was an Initiate of Okawaru.
             Killed by divine providence
             ... invoked by an orc priest
              (15 damage)
             ... on level 5 of the Dungeon.
             The game lasted 00:05:12 (3852 turns).

Arum the Ducker (Demonspawn Gladiator)              Turns: 3852, Time: 00:05:13

Health: -4/48      AC:  6    Str: 15    XL:     6   Next: 0%
Magic:  0/6        EV: 13    Int: 10    God:    Okawaru [......]
Gold:   161        SH:  5    Dex: 15    Spells: 5/5 levels left

rFire    . . .     SeeInvis .   a - +0 long sword
rCold    . . .     Faith    .   (no shield)
rNeg     . . .     Spirit   +   j - +0 ring mail
rPois    .         Reflect  +   (helmet restricted)
rElec    .         Harm     .   (no cloak)
rCorr    .         Rampage  .   (no gloves)
Will     .....     Rnd*Tele +   o - +0 pair of boots
Stlth    +.........             g - amulet of reflection
HPRegen  0.16/turn              q - ring of teleportation (curse)
MPRegen  0.20/turn              (no ring)

@: no status effects
A: horns 2, magic shield, magic regeneration, miasma immunity
a: Renounce Religion


You were on level 5 of the Dungeon.
You worshipped Okawaru.
Okawaru was noncommittal.
You visited 1 branch of the dungeon, and saw 5 of its levels.

You collected 161 gold pieces.

Inventory:

Hand Weapons
 a - a +0 long sword (weapon)
Missiles
 d - 3 throwing nets (quivered)
Armour
 j - a +0 ring mail (worn)
 o - a +0 pair of boots (worn)
Jewellery
 g - an amulet of reflection (around neck)
 q - a cursed ring of teleportation (left hand)
 r - a cursed ring of teleportation
Scrolls
 b - a scroll of enchant weapon {unknown}
 e - a scroll of enchant armour {unknown}
 f - 6 scrolls of identify {unknown}
 h - 3 scrolls of remove curse {unknown}
 n - 2 scrolls of teleportation {unknown}
 p - a scroll of noise {unknown}
 s - 2 scrolls of fear {unknown}
Potions
 c - a potion of curing {unknown}
 i - a potion of brilliance {unknown}
 k - 3 potions of haste {unknown}
 l - a potion of might {unknown}
 m - 2 potions of magic {unknown}
 t - a potion of lignification {unknown}
 u - a potion of mutation {unknown}
 v - a potion of flight {unknown}


   Skills:
 + Level 3.9 Fighting
 + Level 4.1 Long Blades
 - Level 1.7 Throwing
 + Level 4.1 Dodging


You had 5 spell levels left.
You didn't know any spells.
Your spell library contained the following spells:

 Spells                   Type           Power        Failure   Level
 Sting                    Tmut/Pois      0%           58%         1
 Poisonous Vapours        Pois/Air       0%           75%         2
 Ignite Poison            Fire/Tmut/Pois 0%           92%         3
 Mephitic Cloud           Conj/Pois/Air  0%           92%         3
 Olgreb's Toxic Radiance  Pois           0%           100%        4


Dungeon Overview and Level Annotations

Branches:
Dungeon (5/15)
 Temple: D:4-7

Altars:
Cheibriados
Kikubaaqudgha
Okawaru
Sif Muna
Trog
Vehumet
Xom

Annotations:
D:5 Pikel


Innate Abilities, Weirdness & Mutations

You have a pair of horns on your head.
When hurt, damage is shared between your health and your magic reserves.
You regenerate magic rapidly.
You are immune to miasma.


Message History

You block Pikel's attack.
You closely miss Pikel.
Pikel is heavily wounded.
Pikel misses you.
You closely miss Pikel.
Pikel is heavily wounded.
You feel strangely unstable.
You are suddenly yanked towards some nearby monsters!
Your surroundings suddenly seem different.
An orc comes into view.
The orc shouts!
An orc comes into view. It is wielding a -1 club.
The orc shouts!
An orc comes into view.
The orc shouts!
An orc priest comes into view.
The orc priest shouts!
The orc priest mumbles some strange prayers to Beogh against you.
Beogh smites you!
You die...

.$.... ##.# ......
...# ......# ...#
....... ...
.......#..#
..........#
.........#
.......@.#
................#o#
................
...
................
#...#
................
oo..#
................
..###
................ o#
................ ..
............


You could see an orc priest and 3 orcs.

Vanquished Creatures
  A bullfrog zombie (D:5)
  A centaur skeleton (D:3)
  2 orc wizards
  An iguana (D:4)
  A worker ant (D:4)
  An adder (D:4)
  2 oozes (D:5)
  An adder skeleton (D:4)
  A worm (D:3)
  5 leopard geckos
  7 orcs
  2 ball pythons (D:3)
  3 giant cockroaches
  11 goblins
  4 hobgoblins
  7 jackals
  5 bats
  5 frilled lizards
  4 kobolds
  5 rats
69 creatures vanquished.

Vanquished Creatures (others)
  A leopard gecko (D:4)
  6 withered plants (D:3)
7 creatures vanquished.

Grand Total: 76 creatures vanquished

Notes
Turn   | Place    | Note
-------+----------+-------------------------------------------
     0 | D:1      | Arum the Demonspawn Gladiator began the quest for the Orb.
     0 | D:1      | Reached XP level 1. HP: 16/16 MP: 1/1
   237 | D:1      | Gained mutation: You are immune to miasma. [demonic
                  | ancestry]
   237 | D:1      | Reached XP level 2. HP: 8/22 MP: 2/2
  1313 | D:2      | Gained mutation: When hurt, damage is shared between your
                  | health and your magic reserves. [demonic ancestry]
  1313 | D:2      | Reached XP level 3. HP: 28/28 MP: 3/3
  1930 | D:3      | Found a shimmering blue altar of Sif Muna.
  1932 | D:3      | Found an iron altar of Okawaru.
  1933 | D:3      | Found a snail-covered altar of Cheibriados.
  1943 | D:3      | Became a worshipper of Warmaster Okawaru
  1965 | D:3      | Gained mutation: You regenerate magic rapidly. [demonic
                  | ancestry]
  1965 | D:3      | Reached XP level 4. HP: 30/34 MP: 4/4
  2071 | D:3      | Found an ancient bone altar of Kikubaaqudgha.
  2667 | D:3      | Found a bloodstained altar of Trog.
  2995 | D:4      | Gained mutation: You have a pair of small horns on your
                  | head. [demonic ancestry]
  2995 | D:4      | Reached XP level 5. HP: 32/41 MP: 3/5
  3269 | D:4      | Found a radiant altar of Vehumet.
  3279 | D:4      | Found a shimmering altar of Xom.
  3797 | D:5      | Entered Level 5 of the Dungeon
  3823 | D:5      | Noticed a lemure
  3824 | D:5      | Noticed Pikel
  3825 | D:5      | Noticed a lemure
  3828 | D:5      | Noticed a lemure
  3833 | D:5      | Noticed a lemure
  3837 | D:5      | Reached * piety under Okawaru
  3838 | D:5      | Gained mutation: You have a pair of horns on your head.
                  | [demonic ancestry]
  3838 | D:5      | Reached XP level 6. HP: 22/48 MP: 3/6
  3852 | D:5      | Killed from afar by an orc priest

Illustrated notes

Levels and vault maps discovered:
D:1:      dpeg_arrival_castle, layout_basic
D:2:      layout_basic, minmay_strange_pillars, minmay_misc_feat_five
D:3:      layout_basic, kiku_gazebo_garden_becter, general_overflow_altar,
          chequers_temple_overflow_statue_of_worship
D:4:      layout_basic, fiery_altar_vehumet, xom_teletrap_fun
D:5:      minmay_bubble_buster, layout_layer_cave,
          minmay_temple_entry_enclosed_plants, basic_altar, uniq_pikel

Skill      XL: |  1  2  3  4  5 |
---------------+----------------+-----
Long Blades    | 3 4 |  4.1
Dodging        | 3 4 |  4.1
Fighting       | 3 |  3.9
Throwing       | |  1.7

Action                   |  1- 3 |  4- 6 || total
-------------------------+-------+-------++-------
Melee: Long sword        |    96 |   128 ||   224
       Headbutt          |       |    11 ||    11
Invok: Heroism           |       |     1 ||     1
Armor: Leather armour    |    31 |       ||    31
       Ring mail         |     6 |    44 ||    50
Dodge: Dodged            |    74 |    74 ||   148
Block: Other             |    25 |    31 ||    56
       Rpst.: Long sword |    20 |    22 ||    42
